 Dungeon Crawl Stone Soup version 0.17-a0-1485-g22cb0ee (webtiles) character file.

70 emikaela the Cutter (level 4, 0/31 HPs)
             Began as an Octopode Wanderer on July 5, 2015.
             Succumbed to an adder's poison
             ... on level 2 of the Dungeon.
             The game lasted 00:03:58 (1884 turns).

emikaela the Cutter (Octopode Wanderer)             Turns: 1884, Time: 00:03:59

Health: 0/31       AC:  1    Str: 24    XL:     4   Next: 22%
Magic:  5/5        EV: 11    Int: 13    God:
Gold:   11         SH:  0    Dex:  9    Spells: 1 memorised, 4 levels left

rFire  . . .     SeeInvis .     a - +2 dagger
rCold  . . .     Clarity  .     (no shield)
rNeg   . . .     SustAt   .     (helmet restricted)
rPois  .         Gourm    .     (no amulet)
rElec  .         Spirit   .     p - +4 ring of strength
rCorr  .         Warding  .     (no ring)
rMut   .         Stasis   .     (no ring)
MR     .....                    (no ring)
Stlth  +++.......               (no ring)
                                (no ring)
                                (no ring)
                                (no ring)

@: mighty, lethally poisoned (0 -> -6), very slightly contaminated, hasted, very
quick, not resistant to hostile enchantments, fairly stealthy
A: almost no armour, amphibious, 8 rings, constrict 8, camouflage 1, gelatinous
body 1
a: no special abilities


You were on level 2 of the Dungeon.
You were not hungry.

You visited 1 branch of the dungeon, and saw 2 of its levels.

You collected 11 gold pieces.

Inventory:

Hand weapons
 a - a +2 dagger (weapon)
 b - a +0 hand crossbow
Missiles
 e - 38 bolts
 h - 15 poisoned needles
 i - 42 stones (quivered)
 l - 14 sling bullets of frost
Jewellery
 p - a +4 ring of strength (left tentacle)
Scrolls
 d - a scroll of fear
 g - 2 scrolls of identify {unknown}
 j - 2 scrolls of enchant armour {unknown}
 m - 2 scrolls of random uselessness {unknown}
Books
 c - the Volume of Evil Magic

   Spells                             Type                      Level
   a - Animate Skeleton               Necromancy                   1
   b - Pain                           Necromancy                   1
Comestibles
 f - 2 bread rations


   Skills:
 - Level 3.0 Fighting
 + Level 3.2 Short Blades
 - Level 2.0 Crossbows
 + Level 2.9 Stealth
 - Level 1.0 Spellcasting
   Level 2.0 Charms
   Level 1.1 Evocations


You had 4 spell levels left.
You knew the following spells:

 Your Spells              Type           Power        Failure   Level  Hunger
a - Animate Skeleton      Necr           N/A          30%         1    ##.....


Dungeon Overview and Level Annotations

Branches:
Dungeon (2/15)

Altars:


Innate Abilities, Weirdness & Mutations

You cannot wear most types of armour.
You are amphibious.
You can wear up to eight rings at the same time.
You can use your tentacles to constrict eight enemies at once.
Your skin changes colour to match your surroundings (Stealth).
Your rubbery body absorbs attacks (AC +1).


Message History

The adder barely misses you. The hobgoblin hits you with a club.
* * * LOW HITPOINT WARNING * * *
The adder bites you.
* * * LOW HITPOINT WARNING * * *
You are very lightly contaminated with residual magic.
Drink which item? (? for menu, Esc to quit)
It was a potion of might.
You feel very mighty all of a sudden.
You constrict the adder.
* * * LOW HITPOINT WARNING * * *
You feel sick. The hobgoblin hits you with a club.
* * * LOW HITPOINT WARNING * * *
The adder misses you.
Drink which item? (? for menu, Esc to quit)
It was a potion of cure mutation.
It has a very clean taste.
You constrict the adder.
You kill the adder!
You puncture the hobgoblin!
You kill the hobgoblin!
You die...

........###............
...........................##
#............................
#............................
#........##..................
#........##.....#####........
#.)......##.....##...........
#.........#.....##...........
#...........@......>.........
###........)##.............##
#.........##.............#
#.......####.............#
#.......# ###...........#
#.%.....# #...<....####
######### #####...## #...#
#...#


There were no monsters in sight!

Vanquished Creatures
  4 adders
  A giant gecko (D:1)
  A giant cockroach (D:1)
  A goblin (D:2)
  4 hobgoblins
  A quokka (D:2)
  A ball python (D:1)
  9 bats
  4 giant newts
  6 kobolds
  6 rats
38 creatures vanquished.

Notes
Turn   | Place    | Note
--------------------------------------------------------------
     0 | D:1      | emikaela the Octopode Wanderer began the quest for the Orb.
     0 | D:1      | emikaela set off with: a +2 dagger, a scroll of fear, the Volume of Evil Magic, a +0 hand crossbow, 23 bolts, a bread ration
     0 | D:1      | Reached XP level 1. HP: 16/16 MP: 2/2
     2 | D:1      | Learned a level 1 spell: Animate Skeleton
   286 | D:1      | Reached skill level 1 in Short Blades
   421 | D:1      | Reached XP level 2. HP: 9/21 MP: 3/3
   706 | D:1      | Reached XP level 3. HP: 17/26 MP: 4/4
  1880 | D:2      | Reached XP level 4. HP: 14/31 MP: 5/5
  1882 | D:2      | HP: 1/31 [hobgoblin/club (1)]
  1884 | D:2      | Succumbed to an adder's poison

Vault maps used:
D:1:      dpeg_arrival_tiny_c

Action                   |  1- 3 |  4- 6 || total
-------------------------+-------+-------++-------
Melee: Dagger            |    73 |     1 ||    74
 Fire: Hand crossbow     |     3 |       ||     3
  Use: Potion            |       |     3 ||     3
 Stab: Sleeping          |     5 |       ||     5
  Eat: Chunk             |     3 |       ||     3
